 Dungeon Crawl Stone Soup version 0.30-a0-755-g0b50240ab4 (webtiles) character file.

Game seed: 3007137196965403264

48 BRD the Chopper (level 3, -4/28 HPs)
             Began as a Demonspawn Gladiator on Feb 9, 2023.
             Slain by a gnoll
             ... wielding a +0 spear
              (5 damage)
             ... on level 2 of the Dungeon.
             The game lasted 00:02:35 (1072 turns).

BRD the Chopper (Demonspawn Gladiator)              Turns: 1072, Time: 00:02:36

Health: -4/28      AC:  4    Str: 14    XL:     3   Next: 50%
Magic:  3/3        EV: 17    Int: 11    God:
Gold:   71         SH:  0    Dex: 14    Spells: 2/2 levels left

rFire   + . .      SeeInvis .    a - +0 war axe
rCold   . . .      Faith    .    (no shield)
rNeg    . . .      Spirit   .    b - +0 leather armour
rPois   .          Reflect  .    c - +0 helmet
rElec   .          Harm     .    (no cloak)
rCorr   .          Rampage  .    (no gloves)
Will    .....                    (no boots)
Stlth   +                        (no amulet)
HPRegen 0.24/turn                l - ring of protection from fire
MPRegen 0.08/turn                (no ring)

@: agile
A: powered by pain 1
a: no special abilities


You were on level 2 of the Dungeon.
You visited 1 branch of the dungeon, and saw 2 of its levels.

You collected 71 gold pieces.

Inventory:

Hand Weapons
 a - a +0 war axe (weapon)
Missiles
 d - 3 throwing nets
 e - a javelin (quivered)
Armour
 b - a +0 leather armour (worn)
 c - a +0 helmet (worn)
Jewellery
 l - a ring of protection from fire (left hand)
Scrolls
 f - a scroll of vulnerability {unknown}
 i - a scroll of immolation {unknown}
 k - a scroll of torment {unknown}
 m - a scroll of identify {unknown}
Potions
 g - 3 potions of curing
 h - a potion of heal wounds {unknown}
 j - a potion of haste {unknown}


   Skills:
 + Level 2.7 Fighting
 + Level 3.2 Axes
 - Level 2.0 Throwing
 + Level 3.2 Dodging


You had 2 spell levels left.
You didn't know any spells.
Your spell library contained the following spells:

 Spells                   Type           Power      Damage    Failure   Level
 Sublimation of Blood     Necr           0%         N/A       56%         2
 Wereblood                Tmut           0%         N/A       56%         2
 Vhi's Electric Charge    Tloc/Air       0%         N/A       80%         3
 Summon Lightning Spire   Summ/Air       0%         N/A       99%         4
 Arcjolt                  Conj/Air       0%         1d10      100%        5
 Storm Form               Tmut/Air       0%         N/A       100%        7
 Summon Hydra             Summ           0%         N/A       100%        7
 Maxwell's Capacitive Co  Air            0%         ∞         100%        8


Dungeon Overview and Level Annotations

Branches:
Dungeon (2/15)

Altars:

Annotations:
D:2 Terence


Innate Abilities, Weirdness & Mutations

You sometimes gain a little power by taking damage.


Message History

A gnoll comes into view. It is wielding a +0 spear.
The gnoll shouts!
A gnoll comes into view. It is wielding a +2 heavy spear.
The gnoll shouts!
You slash the gnoll!
The gnoll is severely wounded.
The gnoll barely misses you.
You hit the gnoll but do no damage.
The gnoll is severely wounded.
The gnoll hits you but does no damage. The gnoll hits you with a +0 flail!
You are too injured to fight recklessly!
The endoplasm attacks as you move away! The endoplasm hits you.
The endoplasm jiggles.
You barely miss the gnoll.
The gnoll is severely wounded.
The gnoll hits you with a +0 flail!
* * * LOW HITPOINT WARNING * * *
You slash the endoplasm!
You kill the endoplasm!
You barely miss the gnoll. The gnoll barely misses you. The gnoll misses you.
It was a potion of curing.
You feel better. The gnoll closely misses you.
You hit the gnoll but do no damage.
The gnoll is severely wounded.
The gnoll hits you from afar with a +0 spear.
* * * LOW HITPOINT WARNING * * *
The gnoll closely misses you.
The gnoll hits you from afar with a +2 heavy spear.
* * * LOW HITPOINT WARNING * * *
The gnoll barely misses you. The gnoll hits you with a +0 flail.
* * * LOW HITPOINT WARNING * * *
You slash the gnoll!
You kill the gnoll!
The gnoll barely misses you.
You feel better.
The gnoll hits you from afar with a +2 heavy spear!
* * * LOW HITPOINT WARNING * * *
You focus on the pain.
You feel agile all of a sudden.
The gnoll hits you from afar with a +0 spear.
You die...

#.......# #.(..#
#.#...#.# #.......#
#....# #.#.###.#
#.......# #....#
#.#...#.# ........#
#....# #.###.#..
#.......# #....# #.#
#.#^# #.......#
#....# #.# #.#.#
+.....†.# #....# #.#
#.#.#
#......g###....###.#
#.#.#
.......g)@.........#
#.#.#
.####.##############
#.#.# #. #.#.# #.
#.#.# #. #...# ###..
##. ##


You could see 2 gnolls.

Vanquished Creatures
  A gnoll (D:2)
  An adder (D:2)
  2 dart slugs (D:1)
  3 ball pythons
  3 endoplasms
  3 hobgoblins
  2 quokkas
  3 bats (D:1)
  2 frilled lizards (D:2)
  2 goblins
  2 kobolds (D:1)
  A rat (D:1)
25 creatures vanquished.

Notes
Turn   | Place    | Note
-------+----------+-------------------------------------------
     0 | D:1      | BRD the Demonspawn Gladiator began the quest for the Orb.
     0 | D:1      | Reached XP level 1. HP: 16/16 MP: 1/1
   167 | D:1      | Gained mutation: You sometimes gain a little power by
                  | taking damage. [demonic ancestry]
   167 | D:1      | Reached XP level 2. HP: 11/22 MP: 2/2
   781 | D:2      | Noticed Terence
   958 | D:2      | Reached XP level 3. HP: 24/28 MP: 3/3
  1070 | D:2      | HP: 1/28 [gnoll/+0 flail (4)]
  1072 | D:2      | Slain by a gnoll

Illustrated notes

Levels and vault maps discovered:
D:1:      beargit_arrival_greenhouse, layout_basic, reono_crystal_passage
D:2:      minmay_skewed_foursquare, layout_basic, minmay_tromino_v7,
          uniq_natasha, uniq_terence, uniq_robin

Skill      XL: |  1  2 |
---------------+-------+-----
Throwing       | 2 |  2.0
Axes           | 3 |  3.2
Dodging        | 3 |  3.2
Fighting       | |  2.7

Action                     || total
---------------------------++-------
  Melee: War axe           ||    58
         Punch             ||     1
    Use: Potion            ||     2
 Armour: Leather armour    ||    21
  Dodge: Dodged            ||    50

Table legend: (Time is in decaauts)
 A = Elapsed time spent in this place.
 B = Non-inter-level travel time spent in this place.
 C = Inter-level travel time spent in this place.
 D = Time resting spent in this place.
 E = Time spent auto-exploring this place.
 F = Levels seen in this place.
 G = Mean time per level.
                   A        B        C        D        E       F      G
               +--------+--------+--------+--------+--------+-----+--------+
         Total |   1091 |   1018 |     73 |      0 |    836 |   2 |  545.5 |
       Dungeon |   1091 |   1018 |     73 |      0 |    836 |   2 |  545.5 |
               +--------+--------+--------+--------+--------+-----+--------+

Top non-repeatable levels by time:
     D:1: 822 daAuts
     D:2: 269 daAuts
